 Dungeon Crawl Stone Soup version 0.31-a0-188-g5e087ee2ca (webtiles) character file.

Game seed: 2947238867647752989

112 qw the Skirmisher (level 4, 0/25 HPs)
             Began as a Deep Elf Hunter on June 23, 2023.
             Killed from afar by an orc wizard (4 damage)
             ... with a magic dart
             ... on level 3 of the Dungeon.
             The game lasted 00:01:15 (1900 turns).

qw the Skirmisher (Deep Elf Hunter)                 Turns: 1900, Time: 00:01:16

Health: 0/25       AC:  6    Str:  8 (10) XL:     4   Next: 63%
Magic:  6/6        EV: 10    Int: 12 (14) God:
Gold:   142        SH:  0    Dex: 17 (18) Spells: 3/3 levels left

rFire   . . .        Y - +0 shortbow
rCold   . . .        (shield currently unavailable)
rNeg    . . .        i - +1 ring mail
rPois   .            (no helmet)
rElec   .            (no cloak)
rCorr   .            (no gloves)
SInv    .            (no boots)
Will    .....        (no amulet)
Stlth   +            (no ring)
HPRegen 0.24/turn    (no ring)
MPRegen 0.10/turn

%: no passive effects
@: no status effects
A: no striking features
a: no special abilities


You were on level 3 of the Dungeon.
You visited 1 branch of the dungeon, and saw 3 of its levels.

You collected 142 gold pieces.


   Skills:
 - Level 1.5 Fighting
 + Level 8.1 Ranged Weapons
 - Level 2.4 Dodging
 - Level 1.2 Stealth


You had 3 spell levels left.
You didn't know any spells.
Your spell library was empty.

Inventory:

Hand Weapons
 Y - a +0 shortbow (weapon)
Armour
 i - a +1 ring mail (worn)
Potions
 a - a potion of haste {unknown}

Dungeon Overview and Level Annotations

Branches:
Dungeon (3/15)

Altars:


Message History

The arrow hits the quokka but does no damage.
The quokka is heavily wounded.
The quokka completely misses you.
You shoot an arrow. The arrow closely misses the quokka.
The quokka closely misses you.
The quokka bites you but does no damage.
You shoot an arrow. The arrow closely misses the quokka.
The quokka closely misses you.
You shoot an arrow. The arrow hits the quokka.
The quokka is severely wounded.
The quokka completely misses you.
You shoot an arrow. The arrow hits the quokka.
You kill the quokka!
You shoot an arrow. Something hits you but does no damage.
You shoot an arrow. Something hits you but does no damage. Something hits you.
You shoot an arrow. Something hits you but does no damage.
You shoot an arrow. Something hits you but does no damage.
You shoot an arrow. Something hits you.
You shoot an arrow.
You hear some strange, mumbled words.
Something tries to affect you, but you resist.
You shoot an arrow. Something hits you but does no damage.
You shoot an arrow. Something hits you but does no damage.
You hear some strange, mumbled words.
A puff of flame appears from out of thin air!
The puff of flame misses you.
You shoot an arrow. Something hits you.
You shoot an arrow.
You hear some strange, mumbled words.
A magic dart appears from out of thin air!
The magic dart hits you.
You die...

.... ##... # $... ..
..#.# ### .......
...##... ##......#
#..#..# ###..#....#
#..#.#
#####..)#......
##)...####.....)@{..#
.....###...##.#..#..#
#.....#..####....# ##
........#####..#.#
#....#......%....#
###.###.#.#.#.#...
#.# #............
#.#...#.#.#.#....
..................


There were no monsters in sight!

Vanquished Creatures
  A gnoll (D:1)
  4 adders
  2 dart slugs
  2 orcs (D:3)
  5 ball pythons
  3 endoplasms
  A giant cockroach (D:2)
  3 goblins
  11 hobgoblins
  6 kobolds
  7 quokkas
  4 bats
  3 frilled lizards
  2 rats (D:2)
54 creatures vanquished.

Notes
Turn   | Place    | Note
-------+----------+-------------------------------------------
     0 | D:1      | qw the Deep Elf Hunter began the quest for the Orb.
     0 | D:1      | Reached XP level 1. HP: 12/12 MP: 3/3
     0 | D:1      | 0 ||| qw: Version: 0.3-a-9-g12657ce
     0 | D:1      | 0 ||| qw: Game counter: 3299
     0 | D:1      | 0 ||| qw: Always use a shield: true
     0 | D:1      | 0 ||| qw: God list: Okawaru
     0 | D:1      | 0 ||| qw: Allow faded altars: false
     0 | D:1      | 0 ||| qw: Do Orc after D:15 true
     0 | D:1      | 0 ||| qw: Do second Lair branch before Depths: true
     0 | D:1      | 0 ||| qw: Lair rune preference: random
     0 | D:1      | 0 ||| qw: Plans: Normal
     0 | D:1      | 0 ||| PLANNING D:1-11
   106 | D:1      | 106 ||| FLEEEEING.
   122 | D:1      | Reached skill level 6 in Ranged Weapons
   122 | D:1      | Reached XP level 2. HP: 16/16 MP: 4/4
   485 | D:1      | Reached XP level 3. HP: 16/20 MP: 5/5
   710 | D:1      | 710 ||| UPGRADING to +0 ring mail.
   720 | D:1      | 720 ||| DROPPING +0 leather armour.
   721 | D:1      | 721 ||| READING scroll labelled XITUMM FESAIXT.
   722 | D:1      | 722 ||| READING scroll labelled TETOKL PEVIVO.
   723 | D:1      | 723 ||| READING scroll labelled ERIATA COSIT.
   727 | D:1      | 727 ||| READING 2 scrolls labelled JEIDGH NYSHU.
   728 | D:1      | 728 ||| DROPPING scroll of butterflies.
   729 | D:1      | 729 ||| DROPPING scroll of fog.
   892 | D:2      | Reached skill level 7 in Ranged Weapons
   956 | D:2      | 956 ||| READING scroll of enchant armour.
   956 | D:2      | 956 ||| ENCHANTING +0 ring mail.
  1133 | D:2      | 1133 ||| READING scroll labelled KUCILEZEHE.
  1134 | D:2      | 1134 ||| DRINKING 2 sedimented golden potions.
  1135 | D:2      | 1135 ||| DRINKING 2 sapphire potions.
  1136 | D:2      | 1136 ||| DROPPING potion of degeneration.
  1535 | D:2      | Reached XP level 4. HP: 24/25 MP: 6/6
  1864 | D:3      | 1864 ||| DRINKING potion of curing.
  1864 | D:3      | 1864 ||| (to cure confusion)
  1866 | D:3      | Reached skill level 8 in Ranged Weapons
  1874 | D:3      | HP: 6/25 [orc/+0 dagger (3)]
  1880 | D:3      | HP: 5/25 [orc/+0 club (2)]
  1892 | D:3      | HP: 4/25 [something (3)]
  1899 | D:3      | HP: 4/25 [something (1)]
  1900 | D:3      | Killed from afar by an orc wizard

Levels and vault maps discovered:
D:1:      scummos_arrival_forest, layout_basic, shapermc_ecumenical_altar_petra,
          minmay_misc_feat_ornament
D:2:      layout_basic, minivault_11, minivault_4
D:3:      layout_rooms, serial_glass, glass_columns_a, glass_columns_c,
          uniq_natasha

Skill      XL: |  1  2  3  4 |
---------------+-------------+-----
Ranged Weapons | 6 7 8 |  8.1
Fighting       | |  1.5
Dodging        | |  2.4
Stealth        | |  1.2

Action                     |  1- 3 |  4- 6 || total
---------------------------+-------+-------++-------
   Fire: Shortbow          |    98 |    89 ||   187
    Use: Scroll            |     6 |       ||     6
         Potion            |     2 |     1 ||     3
 Armour: Leather armour    |     6 |       ||     6
         Ring mail         |     4 |    48 ||    52
  Dodge: Dodged            |    24 |    55 ||    79

Table legend:
 A = Non-vault XP
 B = Vault XP
 C = Vault XP percentage of total XP
 D = Non-vault monster count
 E = Vault monster count
 F = Vault count percentage of total count
                 A         B        C        D         E       F
            +---------+---------+-------+---------+---------+-------
      Total |     160 |       0 |   0.0 |      54 |       0 |   0.0
            +---------+---------+-------+---------+---------+-------
        D:1 |      48 |       0 |   0.0 |      18 |       0 |   0.0
        D:2 |      61 |       0 |   0.0 |      22 |       0 |   0.0
        D:3 |      51 |       0 |   0.0 |      14 |       0 |   0.0
            +---------+---------+-------+---------+---------+-------
